 Dungeon Crawl Stone Soup version 0.18-a0-82-gaf82852 (webtiles) character file.

833 Proton the Sneak (level 7, 0/66 HPs)
             Began as a Naga Fighter on Nov 13, 2015.
             Slain by Pikel
             ... wielding a +0 whip of flaming
              (3 damage)
             ... on level 4 of the Dungeon.
             The game lasted 00:07:18 (2774 turns).

Proton the Sneak (Naga Fighter)                     Turns: 2774, Time: 00:07:18

Health: 0/66       AC: 12    Str: 17    XL:     7   Next: 98%
Magic:  7/7        EV:  2    Int:  8    God:
Gold:   228        SH:  9    Dex: 11    Spells: 0 memorised, 6 levels left

rFire  . . .     SeeInvis +     a - +0 flail
rCold  . . .     Clarity  .     w - +1 plate armour
rNeg   + . .     SustAt   .     c - +0 shield
rPois  +         Gourm    .     m - +0 helmet
rElec  .         Spirit   .     h - +0 cloak
rCorr  .         Warding  +     (no gloves)
rMut   .         Stasis   .     (no barding)
MR     .....                    n - amulet of warding
Stlth  ..........               (no ring)
                                y - -3 ring of strength

@: very slow, not resistant to hostile enchantments, extremely unstealthy
A: see invisible, deformed body, poison resistance, slowness 2, slow metabolism
1, spit poison 2, AC +2
a: Spit Poison


You were on level 4 of the Dungeon.
You were not hungry.

You visited 2 branches of the dungeon, and saw 5 of its levels.

You collected 228 gold pieces.

Inventory:

Hand Weapons
 a - a +0 flail (weapon)
Armour
 c - a +0 shield (worn)
 h - a +0 cloak (worn)
 m - a +0 helmet (worn)
 w - a +1 plate armour (worn)
Jewellery
 n - an amulet of warding (around neck)
 s - an uncursed ring of ice
 y - a -3 ring of strength (left hand)
Scrolls
 l - a scroll of blinking {unknown}
 o - a scroll of immolation
 q - a scroll of identify
Potions
 d - 2 potions of might
 i - a potion of heal wounds {unknown}
 p - a potion of mutation {unknown}
 r - 2 potions of flight
 u - a potion of resistance
 v - a potion of haste
 x - a potion of brilliance {unknown}
 z - a potion of agility {unknown}
Comestibles
 b - 2 fruits
 e - 5 bread rations
 f - 2 slices of pizza
 j - 2 meat rations


   Skills:
 + Level 4.7 Fighting
 + Level 4.0 Maces & Flails
 + Level 3.7 Armour
 + Level 2.4 Dodging
 + Level 5.5 Stealth
 + Level 3.7 Shields


You had 6 spell levels left.
You didn't know any spells.

Dungeon Overview and Level Annotations

Branches:
Dungeon (4/15)             Temple (1/1) D:4

Altars:
Ashenzari
Dithmenos
Gozag
Kikubaaqudgha
Makhleb
Nemelex Xobeh
Okawaru
Qazlal
Ru
Sif Muna
Trog
Vehumet
Xom
Yredelemnul
Zin
The Shining One

Annotations:
D:4 Pikel


Innate Abilities, Weirdness & Mutations

You cannot wear boots.
Your serpentine skin is tough (AC +2).
You have supernaturally acute eyesight.
Armour fits poorly on your strangely shaped body.
Your system is resistant to poisons.
You cover ground very slowly.
You have a slow metabolism.
You can spit poison.


Message History

You closely miss Pikel.
Pikel says, "Who am I kidding?
They'll work you to death!" Pikel hits you but does no damage.
You block the jackal skeleton's attack.
You hit Pikel.
Pikel is lightly wounded.
The jackal skeleton bites you but does no damage.
Pikel hits you but does no damage.
You hit Pikel but do no damage.
Pikel is lightly wounded.
You block the jackal skeleton's attack.
The jackal skeleton bites you but does no damage.
Pikel hits you but does no damage.
You thump the jackal skeleton!
The jackal skeleton explodes!
The fiery explosion engulfs you!
You are engulfed in roaring flames.
* * * LOW HITPOINT WARNING * * *
Pikel hits you with a whip of flaming!
* * * LOW HITPOINT WARNING * * *
Pikel burns you.
You die...

#................
#.#######'#######!.# #.#
#.# ..# #.# #####.#####
#..# #.# #...'.'...#
#..############ #.#
#.###.###.#
#.............. #†# #.#
#.# #.# #.######.######
#.###'###.###'###.## #.#
#.'.........pK@§§..# #.#
#.###+###.###'###..# #.#
#.# #.# #.# #.# #..#
#.###### ##.# #.###.###.#
#(.#####....... #..#
#...'.'...#
#.........##### #..#
#####.##### #..###.####
#..# #.# #.)###.##
#..#######'#######.....#>#
#..................####.##


You could see Pikel and a slave.

Vanquished Creatures
  A two-headed ogre (D:4)
  Sigmund (D:4)
  A slave (D:4)
  An ogre (D:4)
  Blork the orc (D:4)
  A giant frog zombie (D:3)
  A centaur skeleton (D:4)
  2 orc wizards (D:4)
  Robin (D:2)
  13 adders
  An ooze (D:1)
  4 worms
  2 giant geckos
  3 orcs (D:4)
  2 bats
  2 giant cockroaches
  13 goblins
  12 hobgoblins
  4 jackals (D:2)
  10 kobolds
  2 quokkas (D:3)
  A ball python (D:3)
  4 giant newts
  A jackal skeleton (D:4)
  5 rats
89 creatures vanquished.

Notes
Turn   | Place    | Note
--------------------------------------------------------------
     0 | D:1      | Proton the Naga Fighter began the quest for the Orb.
     0 | D:1      | Reached XP level 1. HP: 21/21 MP: 1/1
   233 | D:1      | Reached XP level 2. HP: 21/28 MP: 2/2
   304 | D:1      | Reached skill level 1 in Stealth
   514 | D:1      | Reached XP level 3. HP: 34/34 MP: 3/3
   744 | D:2      | Noticed Robin
   757 | D:2      | Killed Robin
   851 | D:2      | Reached skill level 1 in Dodging
   851 | D:2      | Reached XP level 4. HP: 32/42 MP: 4/4
  1181 | D:2      | Reached XP level 5. HP: 36/49 MP: 5/5
  2038 | D:4      | Reached skill level 4 in Stealth
  2038 | D:4      | Reached XP level 6. HP: 54/57 MP: 6/6
  2039 | D:4      | Noticed a two-headed ogre
  2047 | D:4      | Killed a two-headed ogre
  2047 | D:4      | Reached XP level 7. HP: 42/64 MP: 7/7
  2246 | D:4      | Found a staircase to the Ecumenical Temple.
  2252 | Temple   | Entered the Ecumenical Temple
  2442 | D:4      | Noticed Blork the orc
  2456 | D:4      | Killed Blork the orc
  2456 | D:4      | Reached skill level 5 in Stealth
  2522 | D:4      | Noticed Sigmund
  2540 | D:4      | Killed Sigmund
  2629 | D:4      | Noticed Pikel
  2774 | D:4      | HP: 3/66 [Pikel/whip of flaming (7)]
  2774 | D:4      | Slain by Pikel

Vault maps used:
D:1:      lightli_molten_gateway
D:2:      minivault_25, uniq_robin
D:4:      minmay_temple_entry_enclosed_plants, first_bread, minmay_door_square,
          uniq_pikel, uniq_blork_the_orc, uniq_sigmund
Temple:   lightli_temple_of_artemis

Action                   |  1- 3 |  4- 6 |  7- 9 || total
-------------------------+-------+-------+-------++-------
Melee: Flail             |   103 |   205 |    82 ||   390
 Abil: Spit Poison       |     1 |     6 |     2 ||     9
  Use: Scroll            |       |       |     7 ||     7
  Eat: Meat ration       |       |     1 |     1 ||     2
